[Event "ICC tourney 2212 (3 2)"]
[Site "Internet Chess Club"]
[Date "2020.12.18"]
[Round "3"]
[White "Goran21"]
[Black "JensenUVA"]
[Result "1/2-1/2"]
[ICCResult "Game drawn by repetition"]
[WhiteElo "2008"]
[BlackElo "1516"]
[Opening "Sicilian: accelerated fianchetto, modern variation with Bc4"]
[ECO "B35"]
[NIC "SI.33"]
[Time "20:30:27"]
[TimeControl "180+2"]

1. e4 c5 2. Nf3 Nc6 3. d4 cxd4 4. Nxd4 g6 5. Nc3 Bg7 6. Be3 Nf6 7. Bc4 O-O
8. Bb3 a5 9. a4 Nb4 10. f3 d5 11. e5 Ne8 12. f4 Nc7 13. O-O Ne6 14. Ncb5
Nxd4 15. Bxd4 Bf5 16. g4 Be4 17. Nc3 f5 18. exf6 Bxf6 19. Nxe4 Bxd4+ 20.
Qxd4 Nxc2 21. Bxc2 dxe4 22. Qxd8 Raxd8 23. Bxe4 Rd4 24. Bxb7 Rdxf4 25. Rxf4
Rxf4 26. h3 Rb4 27. b3 Rxb7 28. Rb1 Kf7 29. Kf2 Rb4 30. Ke3 e5 31. Kd3 Ke6
32. Kc3 Kd5 33. Rf1 Rf4 34. Rd1+ Ke6 35. Rd3 e4 36. Re3 Ke5 37. b4 axb4+ 38.
Kxb4 Rf3 39. Re1 Kf4 40. a5 Rf2 41. Ra1 e3 42. a6 Kg3 43. a7 Rf8 44. a8=Q
Rxa8 45. Rxa8 e2 46. Re8 Kf2 47. Rf8+ Kg1 48. Re8 Kf1 49. Rf8+ Kg1 50. Re8
Kf1 51. Rf8+ Kg1 {Game drawn by repetition} 1/2-1/2

[Event "ICC tourney 2212 (3 2)"]
[Site "Internet Chess Club"]
[Date "2020.12.18"]
[Round "3"]
[White "PearsonH"]
[Black "Jeffchess"]
[Result "1-0"]
[ICCResult "Black checkmated"]
[WhiteElo "1756"]
[BlackElo "1254"]
[Opening "Queen's pawn"]
[ECO "A40"]
[NIC "QO.17"]
[Time "20:30:28"]
[TimeControl "180+2"]

1. d4 e6 2. Bf4 c5 3. e3 d5 4. c3 c4 5. Nd2 b5 6. e4 a5 7. e5 a4 8. a3 Nc6
9. Be2 Na5 10. Ngf3 Nb3 11. Nxb3 axb3 12. O-O Bd7 13. Nd2 Qa5 14. Bg3 Be7
15. f4 Nh6 16. Bf2 O-O 17. g4 Kh8 18. Kh1 f5 19. g5 Ng8 20. Be3 Ra7 21. Rf3
Rfa8 22. Rh3 g6 23. Bh5 Be8 24. Bf3 b4 25. Nxc4 dxc4 26. Bxa8 Rxa8 27. cxb4
Bxb4 28. Qe2 Bc6+ 29. Kg1 Qd5 30. Qf1 Qh1+ 31. Kf2 Qxf1+ 32. Rxf1 Bxa3 33.
bxa3 Be4 34. Bc1 c3 35. Rxc3 Rb8 36. Bb2 Bc2 37. a4 Ne7 38. Rc1 Nd5 39.
R3xc2 bxc2 40. Rxc2 Nxf4 41. Kf3 Nd3 42. Bc3 Rb3 43. Ke3 Nb4 44. Kd2 Nxc2
45. Kxc2 Ra3 46. a5 Kg8 47. Kb2 Ra4 48. Kb3 Ra1 49. Bxa1 Kf8 50. Kb4 Ke8 51.
Kb5 Kd8 52. a6 Kc7 53. Bb2 Kb8 54. Bc1 Ka7 55. Ka5 Kb8 56. Kb6 Ka8 57. a7 h5
58. gxh6 f4 59. h7 f3 60. h8=R# {Black checkmated} 1-0

[Event "ICC tourney 2212 (3 2)"]
[Site "Internet Chess Club"]
[Date "2020.12.18"]
[Round "3"]
[White "edenhe"]
[Black "shaivamkale"]
[Result "1-0"]
[ICCResult "Black checkmated"]
[WhiteElo "1518"]
[BlackElo "421"]
[Opening "QGD semi-Slav"]
[ECO "D43"]
[NIC "SL.06"]
[Time "20:30:25"]
[TimeControl "180+2"]

1. d4 d5 2. c4 c6 3. Nc3 e6 4. Nf3 Nf6 5. Bf4 Bd7 6. e3 Bb4 7. c5 O-O 8. Bd3
Bxc3+ 9. bxc3 Na6 10. O-O Ng4 11. h3 Nf6 12. Qc2 Re8 13. Rab1 b5 14. Bg5 h6
15. Bh4 g5 16. Bg3 e5 17. Bxe5 Bxh3 18. gxh3 g4 19. hxg4 Nxg4 20. Kh1 Rxe5
21. dxe5 Nxc5 22. Rg1 h5 23. Bf5 Ne4 24. Bxg4 Nxf2+ 25. Qxf2 hxg4 26. Rxg4+
Kf8 27. Rbg1 Ke7 28. Qh4+ f6 29. Qxf6+ Kd7 30. Rg7+ Kc8 31. Qxc6+ Kb8 32.
Qb7# {Black checkmated} 1-0

[Event "ICC tourney 2212 (3 2)"]
[Site "Internet Chess Club"]
[Date "2020.12.18"]
[Round "3"]
[White "miyzhang"]
[Black "Kinawa"]
[Result "0-1"]
[ICCResult "White checkmated"]
[WhiteElo "1227"]
[BlackElo "1535"]
[Opening "Caro-Kann: Steinitz variation"]
[ECO "B17"]
[NIC "CK.08"]
[Time "20:30:29"]
[TimeControl "180+2"]

1. e4 c6 2. d4 d5 3. Nd2 dxe4 4. Nxe4 Nd7 5. Nf3 Ngf6 6. Bd3 Nxe4 7. Bxe4
Nf6 8. Bd3 Bg4 9. h3 Bxf3 10. Qxf3 e6 11. Bg5 Be7 12. Bf4 Qxd4 13. c3 Qd5
14. Qg3 Nh5 15. Qg4 Nxf4 16. Qxf4 Qxd3 17. Qe5 Bf6 18. Qc7 Qe4+ 19. Kf1 O-O
20. Qxb7 Rab8 21. Qxa7 Rxb2 22. Qc5 Bh4 23. f3 Qe2+ 24. Kg1 Qxg2#
{White checkmated}
0-1

[Event "ICC tourney 2212 (3 2)"]
[Site "Internet Chess Club"]
[Date "2020.12.18"]
[Round "3"]
[White "stocktn2malone"]
[Black "Jett503"]
[Result "1-0"]
[ICCResult "Black forfeits on time"]
[WhiteElo "1715"]
[BlackElo "1435"]
[Opening "French defense"]
[ECO "C00"]
[NIC "FR.01"]
[Time "20:30:54"]
[TimeControl "180+2"]

1. e4 e6 2. Nf3 d5 3. exd5 exd5 4. d4 Nf6 5. Bg5 Be7 6. Bd3 Nc6 7. O-O Be6
8. c3 Qd7 9. Qc2 g6 10. Bb5 a6 11. Ne5 Qc8 12. Bxc6+ bxc6 13. Nxc6 Qd7 14.
Nxe7 Qxe7 15. Qd3 h6 16. Bh4 g5 17. Bg3 Ne4 18. Nd2 Nxg3 19. fxg3 O-O 20.
Rae1 Qd6 21. Rf6 Kg7 22. Ref1 Rae8 23. Qf3 Qe7 24. Qh5 Rh8 25. Qf3 Rhf8 26.
Nb3 Qd7 27. Nc5 Qd6 28. Nxe6+ Rxe6 29. Rxf7+ Rxf7 30. Qxf7+ Kh8 31. Rf5 Re1+
32. Kf2 {Black forfeits on time} 1-0

[Event "ICC tourney 2212 (3 2)"]
[Site "Internet Chess Club"]
[Date "2020.12.18"]
[Round "3"]
[White "breaker90"]
[Black "Openyagami"]
[Result "0-1"]
[ICCResult "White resigns"]
[WhiteElo "2112"]
[BlackElo "2604"]
[Opening "Sicilian: Nimzovich-Rossolimo attack (without ...d6)"]
[ECO "B30"]
[NIC "SI.31"]
[Time "20:30:25"]
[TimeControl "180+2"]

1. e4 c5 2. Nf3 Nc6 3. Bb5 d6 4. O-O Bd7 5. c3 Nf6 6. Re1 a6 7. Bf1 Bg4 8.
h3 Bh5 9. d3 e6 10. Bg5 Be7 11. Nbd2 h6 12. Bh4 g5 13. Bg3 g4 14. hxg4 Bxg4
15. Be2 h5 16. e5 dxe5 17. Nxe5 Nxe5 18. Bxe5 Rg8 19. Ne4 Nd5 20. Bxg4 hxg4
21. c4 Nb4 22. d4 f6 23. Qa4+ b5 24. cxb5 fxe5 25. dxc5 Nd5 26. b6+ Kf7 27.
Rad1 Qf8 28. b4 Qh6 29. Nd6+ Bxd6 30. Rxd5 exd5 31. Qd7+ Be7 32. Rxe5 Qc1+
33. Kh2 Qf4+ {White resigns} 0-1

[Event "ICC tourney 2212 (3 2)"]
[Site "Internet Chess Club"]
[Date "2020.12.18"]
[Round "3"]
[White "TjkTiger"]
[Black "Monkeybomb3605"]
[Result "1-0"]
[ICCResult "Black checkmated"]
[WhiteElo "2602"]
[BlackElo "2047"]
[Opening "King's Indian: fianchetto, Uhlmann (Szabo) variation"]
[ECO "E62"]
[NIC "KI.72"]
[Time "20:30:28"]
[TimeControl "180+2"]

1. c4 Nf6 2. Nc3 g6 3. g3 Bg7 4. Bg2 O-O 5. d4 d6 6. Nf3 Nc6 7. O-O e5 8.
dxe5 dxe5 9. Bg5 Be6 10. Nd2 Qe8 11. Nd5 Bxd5 12. cxd5 Nd4 13. e3 Nf5 14.
Rc1 Qe7 15. Qb3 Nd6 16. e4 h6 17. Be3 Ng4 18. Bc5 b6 19. Bxd6 cxd6 20. Rc6
Rac8 21. Rxc8 Rxc8 22. Bh3 Qg5 23. Nc4 Rd8 24. Qa3 Nf6 25. Bg2 Rd7 26. Qa6
Ne8 27. a4 Qd8 28. Qb5 Rc7 29. b4 f5 30. a5 bxa5 31. Nxa5 Kh7 32. Nc6 Qd7
33. exf5 gxf5 34. Bh3 Rb7 35. Bxf5+ Qxf5 36. Qxb7 Nf6 37. Qf7 Qe4 38. Ne7 h5
39. h4 Kh6 40. Ra1 Qd4 41. Qg6# {Black checkmated} 1-0

[Event "ICC tourney 2212 (3 2)"]
[Site "Internet Chess Club"]
[Date "2020.12.18"]
[Round "3"]
[White "Averyyu321"]
[Black "eigenator"]
[Result "0-1"]
[ICCResult "White checkmated"]
[WhiteElo "1739"]
[BlackElo "2376"]
[Opening "French: Tarrasch"]
[ECO "C03"]
[NIC "FR.14"]
[Time "20:30:23"]
[TimeControl "180+2"]

1. e4 e6 2. d4 d5 3. Nd2 Be7 4. Bd3 c5 5. c3 Nc6 6. Ne2 cxd4 7. cxd4 dxe4 8.
Nxe4 Nf6 9. N4c3 O-O 10. Be3 e5 11. Bc2 Ng4 12. Qd3 g6 13. h3 Nb4 14. Qd2
Nxe3 15. fxe3 Nxc2+ 16. Qxc2 Bg5 17. Qd2 exd4 18. Nxd4 Re8 19. Nd1 Bh4+ 20.
Nf2 Bxf2+ 21. Kxf2 Qf6+ 22. Ke1 Be6 23. Rf1 Qe5 24. Kf2 Qh2 25. Nf3 Qc7 26.
Kg1 Rad8 27. Qb4 Bd5 28. Rac1 Qg3 29. Qf4 Qxf4 30. exf4 Bxa2 31. Ra1 Bc4 32.
Rfc1 Ba6 33. Ne5 Rd2 34. b4 f6 35. Nf3 Rb2 36. Rcb1 Rxb1+ 37. Rxb1 Bc4 38.
Rc1 Bd5 39. Rc3 Re4 40. Rd3 Bc6 41. Rd4 Rxd4 42. Nxd4 Kf7 43. Kf2 Ke7 44.
Ke3 Kd6 45. Kd3 Kd5 46. g4 Bd7 47. Nb3 Bb5+ 48. Kc3 b6 49. Nd4 Bf1 50. f5
Bxh3 51. fxg6 hxg6 52. Nc2 a5 53. bxa5 bxa5 54. Kb3 Ke4 55. Ka4 Bxg4 56.
Kxa5 f5 57. Kb4 f4 58. Ne1 f3 59. Nc2 f2 60. Kc3 f1=Q 61. Nd4 Qd3+ 62. Kb2
Qxd4+ 63. Ka2 Be6+ 64. Ka3 Qc3+ 65. Ka4 Bd7# {White checkmated} 0-1

[Event "ICC tourney 2212 (3 2)"]
[Site "Internet Chess Club"]
[Date "2020.12.18"]
[Round "3"]
[White "ritterfork"]
[Black "MrNormalName"]
[Result "0-1"]
[ICCResult "White resigns"]
[WhiteElo "1846"]
[BlackElo "2181"]
[Opening "Queen's pawn: London system"]
[ECO "A45"]
[NIC "QP.07"]
[Time "20:30:36"]
[TimeControl "180+2"]

1. d4 Nf6 2. Bf4 d5 3. e3 c5 4. c3 Nc6 5. Nd2 e6 6. Ngf3 Bd6 7. Bg3 O-O 8.
Bd3 b6 9. Ne5 Qc7 10. f4 Ne7 11. O-O Nf5 12. Qf3 Bb7 13. Rae1 a5 14. Bf2 Be7
15. g4 Nd6 16. Bh4 Ba6 17. Bxa6 Rxa6 18. Kh1 Raa8 19. Rg1 b5 20. Nb3 Nfe4
21. Bxe7 Qxe7 22. dxc5 Nc4 23. Nxc4 bxc4 24. Nd4 Qxc5 25. f5 e5 26. Ne2 f6
27. h4 Rab8 28. Ng3 Nxg3+ 29. Qxg3 Rxb2 30. g5 Qe7 31. gxf6 Qxf6 32. h5 Qh6
33. Qh3 Rxa2 34. Ref1 Rf6 35. Qf3 e4 36. Qh3 Re2 37. Qh2 Rxh2+ {White
resigns} 0-1

[Event "ICC tourney 2212 (3 2)"]
[Site "Internet Chess Club"]
[Date "2020.12.18"]
[Round "3"]
[White "Zapateado"]
[Black "Harsha777"]
[Result "0-1"]
[ICCResult "White resigns"]
[WhiteElo "1908"]
[BlackElo "2559"]
[Opening "Sicilian: Smith-Morra gambit"]
[ECO "B21"]
[NIC "SI.48"]
[Time "20:30:36"]
[TimeControl "180+2"]

1. e4 c5 2. d4 cxd4 3. c3 Nf6 4. Bd3 dxc3 5. Nxc3 Nc6 6. Nf3 d6 7. Bc4 Bg4
8. Bf4 e6 9. O-O a6 10. h3 Bxf3 11. Qxf3 Be7 12. Rfd1 Qb8 13. Qg3 Nh5 14.
Bxd6 Nxg3 15. Bxb8 Rxb8 16. fxg3 Ne5 17. Bb3 Bc5+ 18. Kf1 Ke7 19. Ke2 h5 20.
Na4 Bd6 21. Nb6 Bc7 22. Nc4 Nxc4 23. Bxc4 Bxg3 24. Kf3 Be5 25. Rab1 Rh6 26.
Rd3 Rc8 27. Bb3 Rg6 28. Kf2 h4 29. Rbd1 Rc7 30. R1d2 Bg3+ 31. Ke2 Bf4 32.
Rd1 Be5 33. Kf3 Bxb2 34. Ba4 b5 35. Bb3 Be5 36. a4 bxa4 37. Bxa4 Rc4 38.
Rd7+ Kf6 39. Bb3 Rg3+ 40. Kf2 Rxb3 {White resigns} 0-1

[Event "ICC tourney 2212 (3 2)"]
[Site "Internet Chess Club"]
[Date "2020.12.18"]
[Round "3"]
[White "hggonzalezzss"]
[Black "iszerencsy"]
[Result "0-1"]
[ICCResult "White forfeits on time"]
[WhiteElo "1767"]
[BlackElo "1377"]
[Opening "Sicilian defense"]
[ECO "B33"]
[NIC "SI.34"]
[Time "20:30:54"]
[TimeControl "180+2"]

1. e4 c5 2. Nf3 Nc6 3. d4 cxd4 4. Nxd4 Nf6 5. Nc3 e6 6. Be3 Bb4 7. f3 d5 8.
a3 Bxc3+ 9. bxc3 dxe4 10. fxe4 Nxe4 11. Qg4 Nxd4 12. cxd4 Nf6 13. Qxg7 Rg8
14. Bb5+ Ke7 15. Qh6 Qa5+ 16. Bd2 Qxb5 17. Bb4+ Ke8 18. Qxf6 Qd7 19. O-O a5
20. Bc5 b6 21. Bxb6 Qb7 22. Rf2 Qe7 23. Qf4 Bb7 24. Raf1 f5 25. Re1 Bd5 26.
Qc1 Qg7 27. g3 Qg5 28. Qb1 Qg6 29. Qb5+ Kf8 30. Bc5+ Kg7 31. Qd7+ Kh8 32.
Bd6 Rgd8 33. Be5+ Kg8 34. Qb5 Qe8 35. Qe2 Qg6 36. c4 Be4 37. Rf4 h5 38. Rh4
Kf7 39. Qxh5 Qxh5 40. Rxh5 Rg8 41. Rh7+ Kf8 42. Rc1 f4 43. c5 Bxh7 44. c6
Rc8 45. c7 fxg3 46. hxg3 Ke8 47. Rc6 Bf5 48. Ra6 Kd7 49. Rxa5 Rxc7 50. Bxc7
Kxc7 51. Kf2 Rg4 52. Ra4 Kd6 53. Rb4 Kd5 {White forfeits on time} 0-1

[Event "ICC tourney 2212 (3 2)"]
[Site "Internet Chess Club"]
[Date "2020.12.18"]
[Round "3"]
[White "yav"]
[Black "ved2006"]
[Result "0-1"]
[ICCResult "White checkmated"]
[WhiteElo "1216"]
[BlackElo "1719"]
[Opening "French: advance, Paulsen attack"]
[ECO "C00"]
[NIC "FR.01"]
[Time "20:30:24"]
[TimeControl "180+2"]

1. e4 e6 2. Nf3 d5 3. e5 c5 4. c3 Nc6 5. d4 Qb6 6. Be2 Nh6 7. O-O Nf5 8.
dxc5 Bxc5 9. Bg5 Qxb2 10. Nbd2 Qxc3 11. Rc1 Qa3 12. Qc2 Be7 13. Bb5 Bxg5 14.
Bxc6+ bxc6 15. Qxc6+ Bd7 16. Qxa8+ Bd8 17. Ra1 O-O 18. Qb7 Qa4 19. Nb3 Bc6
20. Nc5 Bxb7 21. Nxa4 Ba6 22. Rfe1 Bb5 23. Nc3 Bc4 24. Rac1 Ba5 25. Red1
Bxc3 26. Rxc3 Bxa2 27. Ra3 Bc4 28. Rxa7 h6 29. Nd4 Nxd4 30. Rxd4 Rb8 31. Rd1
Rb2 32. Ra8+ Kh7 33. Ra7 Kg6 34. Re1 d4 35. Ra4 Rc2 36. h3 d3 37. Raa1 d2
38. Red1 Be2 39. Rdb1 d1=Q+ 40. Rxd1 Bxd1 41. Rxd1 Kf5 42. Re1 Rc5 43. Re3
Rxe5 44. Rf3+ Kg6 45. Rg3+ Rg5 46. Rf3 f5 47. Kf1 Kf6 48. g3 h5 49. h4 Rg4
50. Ke2 Re4+ 51. Kd3 g5 52. hxg5+ Kxg5 53. Re3 Rxe3+ 54. Kxe3 Kg4 55. Ke2 e5
56. Kf1 Kf3 57. Ke1 e4 58. Kf1 e3 59. fxe3 Kxg3 60. Ke2 Kg2 61. Kd3 h4 62.
Kd4 h3 63. Ke5 Kf3 64. e4 fxe4 65. Kf6 h2 66. Kg5 h1=Q 67. Kg6 e3 68. Kf5 e2
69. Ke5 e1=Q+ 70. Kd4 Qe4+ 71. Kc3 Qc1+ 72. Kb3 Qb7+ 73. Ka2 Qcb2#
{White checkmated}
0-1

[Event "ICC tourney 2212 (3 2)"]
[Site "Internet Chess Club"]
[Date "2020.12.18"]
[Round "3"]
[White "mhebden"]
[Black "RG2017"]
[Result "1-0"]
[ICCResult "Black checkmated"]
[WhiteElo "2503"]
[BlackElo "1989"]
[Opening "Queen's pawn game"]
[ECO "D02"]
[NIC "QP.08"]
[Time "20:30:34"]
[TimeControl "180+2"]

1. d4 d5 2. Nf3 e6 3. c4 c6 4. e3 Nf6 5. Bd3 dxc4 6. Bxc4 b5 7. Be2 Bb7 8.
a4 a6 9. O-O Be7 10. Nbd2 O-O 11. Nb3 Nbd7 12. Bd2 h6 13. Na5 Qb6 14. b4
Rac8 15. Qc2 Nd5 16. Rab1 Ba8 17. Rfc1 Bxb4 18. Rxb4 Nxb4 19. Bxb4 c5 20.
dxc5 Nxc5 21. Bxc5 Qxa5 22. axb5 axb5 23. Nd4 b4 24. Bf3 Bxf3 25. gxf3 Rc7
26. Nb3 Qa4 27. Qb1 Rfc8 28. Rd1 Qb5 29. Bd6 Rc3 30. Nd4 Qg5+ 31. Bg3 b3 32.
Nxb3 Qb5 33. Nd4 Qxb1 34. Rxb1 Rc1+ 35. Rxc1 Rxc1+ 36. Kg2 Ra1 37. f4 Ra5
38. Kf3 Ra4 39. f5 exf5 40. Nxf5 Rb4 41. h4 Ra4 42. h5 Rb4 43. e4 Rb3+ 44.
Kg4 Rb4 45. f3 Ra4 46. Be5 f6 47. Bd4 Kf7 48. Be3 Ra1 49. Ng3 Ra4 50. Kf4
Kg8 51. Bc5 Kf7 52. Bd6 Ra6 53. Nf5 Ra2 54. e5 Ra4+ 55. Kg3 fxe5 56. Ne3 Ke6
57. Bf8 Kf7 58. Bc5 Ra5 59. Bb4 Ra4 60. Bd2 Ke6 61. Ng4 Ra2 62. Bc3 Re2 63.
Bb4 e4 64. Bc3 Kf7 65. f4 Ra2 66. Bd4 Rd2 67. Be3 Ra2 68. f5 Ra4 69. Kf4 Rb4
70. Bc5 Ra4 71. Bd6 Rc4 72. Ne3 Ra4 73. Be5 Kg8 74. Nd5 e3+ 75. Kxe3 Rh4 76.
Nf4 Rh1 77. Ke4 Kf7 78. Bd4 Re1+ 79. Kf3 Rf1+ 80. Ke4 Re1+ 81. Kd5 Rd1 82.
Ke5 Re1+ 83. Kd5 Rd1 84. Ke4 Re1+ 85. Be3 Ra1 86. Ng6 Ra4+ 87. Bd4 Ra2 88.
Ne5+ Kg8 89. f6 gxf6 90. Ng4 f5+ 91. Kxf5 Kh7 92. Nf6+ Kg7 93. Be5 Rf2+ 94.
Ke6 Re2 95. Nd7+ Kh7 96. Kf5 Rf2+ 97. Bf4 Ra2 98. Nf6+ Kg7 99. Ng4 Ra5+ 100.
Be5+ Kh7 101. Nf6+ Kg7 102. Ne4+ Kh7 103. Nf6+ Kg7 104. Nd7+ Kh7 105. Kf6
Ra6+ 106. Kf7 Ra7 107. Ke7 Rb7 108. Ke6 Ra7 109. Nf6+ Kg7 110. Ng4+ Kh7 111.
Bf4 Ra6+ 112. Kf5 Ra5+ 113. Be5 Ra6 114. Nf6+ Kg7 115. Ne4+ Kh7 116. Nc5 Ra2
117. Ne6 Ra8 118. Kf6 Rc8 119. Kf7 Ra8 120. Bf6 Ra7+ 121. Be7 Ra8 122. Nf8+
Rxf8+ 123. Kxf8 Kh8 124. Kf7 Kh7 125. Kf6 Kh8 126. Kg6 Kg8 127. Kxh6 Kh8
128. Kg6 Kg8 129. h6 Kh8 130. Bf6+ Kg8 131. h7+ Kf8 132. h8=Q#
{Black checkmated}
1-0

[Event "ICC tourney 2212 (3 2)"]
[Site "Internet Chess Club"]
[Date "2020.12.18"]
[Round "4"]
[White "blackjack721"]
[Black "stocktn2malone"]
[Result "0-1"]
[ICCResult "White checkmated"]
[WhiteElo "1492"]
[BlackElo "1715"]
[Opening "Sicilian: Smith-Morra gambit"]
[ECO "B21"]
[NIC "SI.48"]
[Time "20:45:59"]
[TimeControl "180+2"]

1. e4 c5 2. d4 cxd4 3. Qxd4 Nc6 4. Qa4 g6 5. Nc3 Bg7 6. Bf4 d6 7. O-O-O Qb6
8. Bb5 Bd7 9. Nd5 Qd8 10. Nf3 Nf6 11. Rhe1 a6 12. Bxc6 Bxc6 13. Qb3 O-O 14.
Ng5 Bh6 15. Nxf6+ exf6 16. Rxd6 Qa5 17. Rxf6 Qxe1# {White checkmated} 0-1

[Event "ICC tourney 2212 (3 2)"]
[Site "Internet Chess Club"]
[Date "2020.12.18"]
[Round "4"]
[White "Jett503"]
[Black "masonmcc"]
[Result "1-0"]
[ICCResult "Black checkmated"]
[WhiteElo "1435"]
[BlackElo "778"]
[Opening "Caro-Kann: advance variation"]
[ECO "B12"]
[NIC "CK.04"]
[Time "20:45:55"]
[TimeControl "180+2"]

1. e4 c6 2. d4 d5 3. e5 Bf5 4. Nc3 e6 5. Nf3 c5 6. dxc5 Bxc5 7. Bd3 Nc6 8.
Bxf5 exf5 9. O-O Nge7 10. a3 O-O 11. b4 Bb6 12. Bb2 d4 13. Ne2 Ng6 14. Nexd4
Ncxe5 15. Nxe5 Nxe5 16. Nxf5 Nc4 17. Bxg7 Re8 18. Qg4 Ne5 19. Nh6#
{Black checkmated}
1-0

[Event "ICC tourney 2212 (3 2)"]
[Site "Internet Chess Club"]
[Date "2020.12.18"]
[Round "4"]
[White "iszerencsy"]
[Black "SupaHotFiya"]
[Result "0-1"]
[ICCResult "White resigns"]
[WhiteElo "1377"]
[BlackElo "1982"]
[Opening "Pirc: classical (two knights) system"]
[ECO "B06"]
[NIC "PU.10"]
[Time "20:45:54"]
[TimeControl "180+2"]

1. e4 g6 2. d4 Bg7 3. Nf3 d6 4. Nc3 Nf6 5. Bc4 O-O 6. Be3 Nc6 7. Qd2 Bg4 8.
O-O-O e5 9. d5 Na5 10. Be2 Bxf3 11. gxf3 c5 12. h4 h5 13. Rdg1 a6 14. Bh6 b5
15. Bxg7 Kxg7 16. Qg5 b4 17. Nd1 c4 18. Ne3 Nh7 19. Nf5+ Kh8 20. Qh6 Qf6 21.
Ne3 c3 22. b3 Nb7 23. Rg3 Nc5 24. Rhg1 Rg8 25. Rg5 Qf4 26. Kb1 f6 27. R5g2
Qxh6 {White resigns} 0-1

[Event "ICC tourney 2212 (3 2)"]
[Site "Internet Chess Club"]
[Date "2020.12.18"]
[Round "4"]
[White "Jeffchess"]
[Black "baldwinsthename"]
[Result "1-0"]
[ICCResult "Black checkmated"]
[WhiteElo "1254"]
[BlackElo "1215"]
[Opening "Vienna game"]
[ECO "C27"]
[NIC "VG.02"]
[Time "20:45:56"]
[TimeControl "180+2"]

1. e4 e5 2. Bc4 Nf6 3. Nc3 Nxe4 4. Nxe4 d5 5. Qh5 Be6 6. Nc5 Bxc5 7. Qxe5
Bxf2+ 8. Kxf2 dxc4 9. Qxg7 Rf8 10. Nf3 Nd7 11. Re1 c6 12. Ng5 Qb6+ 13. d4
cxd3+ 14. Be3 c5 15. cxd3 O-O-O 16. Nxh7 Rg8 17. Qc3 Bd5 18. g3 Qc6 19. Rac1
b6 20. b4 Rg6 21. bxc5 Nxc5 22. Bxc5 bxc5 23. Qxc5 Rh8 24. Qe3 Qxc1 25.
Rxc1+ Kd7 26. Qxa7+ Ke6 27. Qb6+ Kf5 28. g4+ Rxg4 29. Qf6# {Black
checkmated} 1-0

[Event "ICC tourney 2212 (3 2)"]
[Site "Internet Chess Club"]
[Date "2020.12.18"]
[Round "4"]
[White "eigenator"]
[Black "ritterfork"]
[Result "1-0"]
[ICCResult "Black checkmated"]
[WhiteElo "2376"]
[BlackElo "1846"]
[Opening "Sicilian: dragon, Yugoslav attack, Rauser variation"]
[ECO "B76"]
[NIC "SI.17"]
[Time "20:46:28"]
[TimeControl "180+2"]

1. e4 c5 2. Nf3 d6 3. d4 cxd4 4. Nxd4 Nf6 5. Nc3 g6 6. Be3 Bg7 7. f3 Nc6 8.
Qd2 O-O 9. O-O-O d5 10. exd5 Nxd5 11. Nxc6 bxc6 12. Bd4 e5 13. Bc5 Be6 14.
Ne4 Re8 15. Bc4 Qc7 16. Kb1 Rad8 17. Qf2 Nc3+ 18. Nxc3 Bxc4 19. Ne4 Qa5 20.
b3 Be6 21. Rxd8 Rxd8 22. Be7 Rd7 23. Nf6+ Bxf6 24. Bxf6 Rd2 25. Qe3 Bf5 26.
Qh6 Bxc2+ 27. Kc1 Rd1+ 28. Rxd1 Qa3+ 29. Kxc2 Qxa2+ 30. Kc3 Qa5+ 31. Kb2 Qa4
32. Qg7# {Black checkmated} 1-0

[Event "ICC tourney 2212 (3 2)"]
[Site "Internet Chess Club"]
[Date "2020.12.18"]
[Round "4"]
[White "chessfidebullet"]
[Black "yogokings12"]
[Result "0-1"]
[ICCResult "White checkmated"]
[WhiteElo "1289"]
[BlackElo "1575"]
[Opening "Sicilian: dragon variation"]
[ECO "B70"]
[NIC "SI.15"]
[Time "20:45:58"]
[TimeControl "180+2"]

1. e4 c5 2. Nf3 d6 3. d4 cxd4 4. Nxd4 Nf6 5. Nc3 g6 6. Bd3 Nc6 7. Nxc6 bxc6
8. Bg5 Bg7 9. Qd2 h6 10. Be3 Ng4 11. f3 Nxe3 12. Qxe3 Rb8 13. O-O-O Qa5 14.
Bc4 h5 15. Qd3 O-O 16. Bb3 Ba6 17. Qe3 Kh7 18. Kb1 c5 19. Nd5 c4 20. Qxa7
cxb3 21. axb3 Rb7 22. Qe3 Bb5 23. b4 Qa6 24. Qg5 Ra7 25. Nxe7 Qa1#
{White checkmated}
0-1

[Event "ICC tourney 2212 (3 2)"]
[Site "Internet Chess Club"]
[Date "2020.12.18"]
[Round "4"]
[White "RG2017"]
[Black "Tacticsguy52"]
[Result "1-0"]
[ICCResult "Black resigns"]
[WhiteElo "1989"]
[BlackElo "1845"]
[Opening "QGD: exchange, positional line, 5...c6"]
[ECO "D35"]
[NIC "QO.16"]
[Time "20:45:59"]
[TimeControl "180+2"]

1. d4 d5 2. c4 e6 3. Nc3 Nf6 4. cxd5 exd5 5. Bg5 c6 6. e3 Be7 7. Qc2 O-O 8.
Bd3 h6 9. Bh4 Nbd7 10. Nge2 Re8 11. O-O Nf8 12. f3 Bd6 13. e4 dxe4 14. fxe4
Be7 15. Rae1 Ng4 16. Bxe7 Qxe7 17. Nf4 Ne6 18. h3 Nxf4 19. Rxf4 Nf6 20. Ref1
Be6 21. Qf2 Rad8 22. e5 Nd5 23. Rf3 Qb4 24. Ne4 Ne7 25. Nd6 Rf8 26. a3 Qb6
27. b4 Bd5 28. Rg3 Nc8 29. Rxg7+ Kxg7 30. Qf6+ Kg8 31. Nf5 {Black resigns}
1-0

[Event "ICC tourney 2212 (3 2)"]
[Site "Internet Chess Club"]
[Date "2020.12.18"]
[Round "4"]
[White "JensenUVA"]
[Black "pmchess98"]
[Result "1-0"]
[ICCResult "Black forfeits on time"]
[WhiteElo "1516"]
[BlackElo "1441"]
[Opening "Budapest: Adler variation"]
[ECO "A52"]
[NIC "QG.01"]
[Time "20:45:57"]
[TimeControl "180+2"]

1. d4 Nf6 2. c4 e5 3. dxe5 Ng4 4. Nf3 Bc5 5. e3 Nc6 6. Nc3 Ngxe5 7. Be2 O-O
8. O-O Nxf3+ 9. Bxf3 Ne5 10. b3 Nxf3+ 11. Qxf3 a5 12. Bb2 Ra6 13. Ne4 Be7
14. Rad1 Rg6 15. Nc3 d6 16. Nd5 Bg4 17. Qe4 Re8 18. Rd2 Bh4 19. Qd4 c6 20.
Nf4 Bf6 21. Qd3 {Black forfeits on time} 1-0

[Event "ICC tourney 2212 (3 2)"]
[Site "Internet Chess Club"]
[Date "2020.12.18"]
[Round "4"]
[White "Openyagami"]
[Black "mhebden"]
[Result "1/2-1/2"]
[ICCResult "Game drawn by mutual agreement"]
[WhiteElo "2604"]
[BlackElo "2503"]
[Opening "English opening"]
[ECO "E90"]
[NIC "KI.20"]
[Time "20:45:56"]
[TimeControl "180+2"]

1. c4 g6 2. Nf3 Bg7 3. d4 Nf6 4. Nc3 O-O 5. e4 d6 6. h3 e5 7. d5 a5 8. Bg5
Na6 9. Be2 Bd7 10. O-O h6 11. Bh4 Qe8 12. Nd2 c6 13. a3 cxd5 14. cxd5 b5 15.
a4 Nc7 16. axb5 Nxb5 17. Bxf6 Bxf6 18. Nc4 Nxc3 19. bxc3 Qb8 20. Nxa5 Qc7
21. Nc4 Rxa1 22. Qxa1 Bb5 23. Qa2 Bxc4 24. Bxc4 Rc8 25. Ba6 Ra8 26. c4 Qb6
27. Ra1 Bh4 28. Kh1 Qxf2 29. Qxf2 Bxf2 30. g4 Bd4 31. Ra4 Kg7 32. Kg2 Kf6
33. Kf3 Kg5 34. Bb5 Rxa4 35. Bxa4 f5 36. exf5 gxf5 37. gxf5 Kxf5 38. Bd7+
Kg5 39. Be6 {Game drawn by mutual agreement} 1/2-1/2

[Event "ICC tourney 2212 (3 2)"]
[Site "Internet Chess Club"]
[Date "2020.12.18"]
[Round "4"]
[White "clair"]
[Black "yav"]
[Result "1-0"]
[ICCResult "Black resigns"]
[WhiteElo "1682"]
[BlackElo "1216"]
[Opening "Queen's pawn: London system"]
[ECO "A45"]
[NIC "QP.07"]
[Time "20:46:50"]
[TimeControl "180+2"]

1. d4 Nf6 2. Bf4 g6 3. Nc3 Bg7 4. e4 Nh5 5. Be3 e5 6. d5 O-O 7. Be2 Nf6 8.
f3 d6 9. Qd2 c6 10. O-O-O c5 11. Bh6 a6 12. Bxg7 Kxg7 13. g4 b5 14. h4 b4
15. Nb1 a5 16. h5 Ng8 17. hxg6 fxg6 18. Nh3 Qf6 19. Rdf1 a4 20. Ng5 h6 21.
Ne6+ Bxe6 22. dxe6 Qf4 23. Bc4 Qxd2+ 24. Nxd2 Re8 25. Rh3 Nc6 26. Rfh1 Re7
27. Bd5 Rc8 28. Nc4 Nd4 29. Nxd6 Rd8 30. Nf7 Nxe6 31. Nxd8 Nxd8 32. Bxg8
Kxg8 33. Rxh6 Kf7 34. Rh7+ Kf6 35. Rxe7 Kxe7 36. Rh7+ Kd6 37. Rg7 Ne6 38.
Rxg6 Ke7 39. Kd2 Kf7 40. Rh6 Kg7 41. Rxe6 Kf7 42. Rxe5 {Black resigns} 1-0